 Dungeon Crawl Stone Soup version 0.14-a0-1097-gc7db7fc (webtiles) character file.

414 Malachi the Practitioner (level 5, -7/46 HPs)
             Began as a Naga Healer on Nov 26, 2013.
             Was a Believer of Elyvilon.
             Mangled by an iguana (10 damage)
             ... on Level 3 of the Dungeon.
             The game lasted 00:10:22 (4804 turns).

Malachi the Practitioner (Naga Healer)              Turns: 4804, Time: 00:10:22

HP  -7/46        AC  5     Str 15      XL: 5   Next: 98%
MP   8/10        EV  1     Int 12      God: Elyvilon [**....]
Gold 193         SH 22     Dex 11      Spells:  0 memorised,  4 levels left

rFire  . . .     SeeInvis +     v - +0 elf spear
rCold  . . .     Clarity  .     g - +0 scale mail
rNeg   . . .     Conserve .     s - +0 large shield
rPois  +         rCorr    .     (no helmet)
rElec  .         rRot     .     (no cloak)
SustAb . .       Spirit   .     (no gloves)
rMut   .         Warding  .     (no barding)
Saprov . . .     Stasis   .     (no amulet)
                                (no ring)
                                (no ring)

@: short of breath, very slow, slightly resistant to hostile enchantments,
extremely unstealthy
A: spit poison, see invisible, deformed body, poison resistance, slowness 2, AC
+1
a: Spit Poison, Lesser Healing, Lesser Self-Healing, Divine Protection,
Purification, Renounce Religion


You were on level 3 of the Dungeon.
You worshipped Elyvilon.
Elyvilon was pleased with you.
You were not hungry.

You visited 1 branch of the dungeon, and saw 3 of its levels.

You collected 193 gold pieces.

Inventory:

Hand weapons
 e - a +0,+0 short sword
 v - a +0,+0 elven spear (weapon)
Armour
 a - a +1 robe
 g - a +0 scale mail (worn)
 s - a +0 large shield (worn)
Comestibles
 c - an apple
 d - 8 bread rations
 j - 2 meat rations
 p - a choko
Scrolls
 f - a scroll of amnesia
 h - a scroll of curse weapon {unknown}
 i - a scroll of fear
 m - 2 scrolls of identify
 t - a scroll of enchant armour {unknown}
 u - a scroll of enchant weapon I {unknown}
 w - a scroll of teleportation
 x - a scroll of remove curse
 y - a scroll of magic mapping {unknown}
Potions
 b - 2 potions of curing
 n - a potion of flight {unknown}
 o - a potion of might {unknown}
 q - 2 potions of poison {unknown}


   Skills:
 + Level 2.5 Fighting
 - Level 0.2 Short Blades
 + Level 0.6 Polearms
 + Level 1.8 Armour
 + Level 2.6 Dodging
 + Level 1.0 Shields
 * Level 5.4 Invocations


You had 4 spell levels left.
You didn't know any spells.

Dungeon Overview and Level Annotations

Branches:
Dungeon (3/16)

Altars:
Ashenzari


Innate Abilities, Weirdness & Mutations

You cannot wear boots.
You can spit poison.
Your serpentine skin is tough (AC +1).
You have supernaturally acute eyesight.
Armour fits poorly on your strangely shaped body.
Your system is resistant to poisons.
You cover ground very slowly.


Message History

The iguana is moderately wounded.
The iguana bites you.
Your scale mail prevents you from hitting the iguana.
The iguana is lightly wounded.
The iguana bites you!
* * * LOW HITPOINT WARNING * * *
Drink which item? (? for menu, Esc to quit)
Okay, then.
Use which ability? (? or * to list)
Press: ? - help, Dir - move target cursor, f/p - iguana Heal: an iguana (moderately wounded, poisoned)
The light of Elyvilon fails to reach the iguana.
You feel somewhat more hungry. The iguana bites you.
* * * LOW HITPOINT WARNING * * *
Use which ability? (? or * to list)
Press: ? - help, Dir - move target cursor, f/p - iguana Heal: an iguana (moderately wounded, poisoned)
The light of Elyvilon fails to reach the iguana.
You feel somewhat more hungry. The iguana bites you!
You die...

##...##.##.>.#...######....######
######.####.....##...##.........
#######.##.....###..<.##....#...#
%.......[........................
###...#..[...#####...###.....####
#...#.[.#### ##### #.#...# #
#...#..%# #.#...# #
#####...##############.#.### #
###..%##...l@>...(...#.### #
#.....##.#############...# ##
#.....##.####...######...###.
#.....[......................
###...##.##......[.###.#####.
#...##.##...##...# #.# ##
#...##.##...##...# #.# #
#...##.#############.# ##
#...%%...............# #.


You could see an iguana.

Vanquished Creatures
  An orc wizard (D:3)
  A scorpion (D:3)
  A gnoll (D:1)
  3 adders (D:3)
  A giant mite (D:3)
  2 worms
  3 giant geckos (D:1)
  2 oozes (D:1)
  12 orcs (D:3)
  10 bats
  7 giant cockroaches
  9 goblins
  4 hobgoblins
  4 giant newts
  13 kobolds
  12 rats
85 creatures vanquished.

Vanquished Creatures (others)
  A kobold (D:3)
1 creature vanquished.

Grand Total: 86 creatures vanquished

Notes
Turn   | Place    | Note
--------------------------------------------------------------
     0 | D:1      | Malachi, the Naga Healer, began the quest for the Orb.
     0 | D:1      | Reached XP level 1. HP: 19/19 MP: 2/2
   440 | D:1      | Reached XP level 2. HP: 10/26 MP: 4/4
   869 | D:1      | Reached XP level 3. HP: 25/32 MP: 6/6
  2009 | D:1      | Found a shattered altar of Ashenzari.
  2538 | D:2      | Reached skill level 1 in Armour
  2664 | D:2      | Reached XP level 4. HP: 40/40 MP: 8/8
  3514 | D:3      | Reached skill level 5 in Invocations
  3514 | D:3      | Reached XP level 5. HP: 24/46 MP: 10/10
  3740 | D:3      | Reached skill level 1 in Shields
  4804 | D:3      | Mangled by an iguana

Action                   |  1- 3 |  4- 6 || total
-------------------------+-------+-------++-------
Melee: Short sword       |   184 |    30 ||   214
       Unarmed           |     8 |       ||     8
       Sabre             |     4 |       ||     4
       Spear             |       |   230 ||   230
Invok: Lesser Healing    |     7 |    14 ||    21
       Lesser Self-Heali |       |     1 ||     1
 Abil: Spit Poison       |    11 |     8 ||    19
  Use: Scroll            |     6 |     1 ||     7
       Potion            |       |     1 ||     1
